 Dungeon Crawl Stone Soup version 0.22-a0-558-gc224181 (webtiles) character file.

1502 inc the Charmwright (level 8, -9/64 HPs)
             Began as a Gnoll Skald on June 27, 2018.
             Was an Initiate of Gozag.
             Killed by nerve-wracking pain
             ... invoked by an orc priest
              (13 damage)
             ... on level 6 of the Dungeon.
             The game lasted 00:09:52 (6218 turns).

inc the Charmwright (Gnoll Skald)                   Turns: 6218, Time: 00:09:53

Health: -9/64      AC:  4    Str: 14    XL:     8   Next: 82%
Magic:  5/17       EV: 12    Int: 18    God:    Gozag
Gold:   249        SH: 11    Dex: 14    Spells: 8/19 levels left

rFire    . . .     SeeInvis .   p - +0 war axe
rCold    . . .     Gourm    .   B - +2 shield
rNeg     . . .     Faith    .   b - +1 leather armour
rPois    .         Spirit   .   (no helmet)
rElec    .         Reflect  .   (no cloak)
rCorr    .         Harm     .   (no gloves)
MR       .....                  (no boots)
Stlth    ++........             (no amulet)
HPRegen  0.20/turn              (no ring)
MPRegen  0.15/turn              (no ring)

@: lethally poisoned (-9 -> -9), infused, gold aura, very slightly contaminated
A: distributed training, fangs 1, strong nose
a: Potion Petition, Call Merchant, Bribe Branch, Renounce Religion


You were on level 6 of the Dungeon.
You worshipped Gozag.
Gozag was aware of your devotion.
You were very full.

You visited 2 branches of the dungeon, and saw 7 of its levels.

You collected 338 gold pieces.
You paid 89 gold pieces to Gozag.

Inventory:

Hand Weapons
 a - a +0 hand axe
 p - a +0 war axe (weapon)
Missiles
 f - 2 needles of frenzy
Armour
 b - a +1 leather armour (worn)
 B - a +2 shield (worn)
Jewellery
 k - an uncursed ring of teleportation
Wands
 w - a wand of paralysis (10)
Scrolls
 j - 3 scrolls of identify
 q - 3 scrolls of teleportation
 r - a scroll of fear
 s - 4 scrolls of remove curse
 u - a scroll of noise
 v - a scroll of magic mapping {unknown}
 x - a scroll of fog {unknown}
 y - a scroll of enchant armour
Potions
 d - 3 potions of curing
 e - 2 potions of magic
 g - 2 potions of berserk rage {unknown}
 h - 2 potions of brilliance {unknown}
 i - 3 potions of heal wounds
 l - a potion of ambrosia {unknown}
 m - 5 potions of lignification
 n - 2 potions of haste {unknown}
 o - 2 potions of degeneration {unknown}
 t - a potion of mutation {unknown}
 z - a potion of flight {unknown}
 A - a potion of might {unknown}
Comestibles
 c - 3 rations


   Skills:
 + Level 5.8 Fighting
 + Level 3.5 Short Blades
 + Level 3.5 Long Blades
 + Level 5.8 Axes
 + Level 3.5 Maces & Flails
 + Level 3.5 Polearms
 + Level 3.5 Staves
 + Level 3.5 Slings
 + Level 3.5 Bows
 + Level 3.5 Crossbows
 + Level 3.5 Throwing
 + Level 4.4 Armour
 + Level 5.8 Dodging
 + Level 3.5 Stealth
 + Level 3.5 Shields
 + Level 3.5 Unarmed Combat
 + Level 6.2 Spellcasting
 + Level 2.9 Conjurations
 + Level 2.9 Hexes
 + Level 6.2 Charms
 + Level 2.9 Summonings
 + Level 2.9 Necromancy
 + Level 2.9 Translocations
 + Level 2.9 Transmutations
 + Level 2.9 Fire Magic
 + Level 2.9 Ice Magic
 + Level 2.9 Air Magic
 + Level 2.9 Earth Magic
 + Level 2.9 Poison Magic
 + Level 3.9 Invocations
 + Level 3.5 Evocations


You had 8 spell levels left.
You knew the following spells:

 Your Spells              Type           Power        Failure   Level  Hunger
a - Infusion              Chrm           ####         4%          1    None
b - Shroud of Golubria    Chrm/Tloc      ###.......   14%         2    None
c - Song of Slaying       Chrm           ####....     8%          2    None
d - Regeneration          Chrm/Necr      ###.......   28%         3    ##.....
e - Spectral Weapon       Hex/Chrm       ###.....     28%         3    ##.....

Your spell library contained the following spells:

 Spells                   Type           Power        Failure   Level  Hunger
 Cause Fear               Hex            ###.......   88%         4    ####...
 Slow                     Hex            ###.....     28%         2    None
 Corona                   Hex            ###....      19%         1    None
 Portal Projectile        Hex/Tloc       ###...       50%         3    ##.....
 Leda's Liquefaction      Hex/Erth       ###.......   88%         4    ####...
 Inner Flame              Hex/Fire       ###.....     50%         3    ##.....


Dungeon Overview and Level Annotations

Branches:
Dungeon (6/15)             Temple (1/1) D:6

Altars:
Ashenzari
Cheibriados
Dithmenos
Elyvilon
Fedhas
Gozag
Hepliaklqana
Kikubaaqudgha
Makhleb
Nemelex Xobeh
Okawaru
Ru
Sif Muna
Trog
Uskayaw
Vehumet
Wu Jian
Xom
Yredelemnul
Zin
The Shining One


Innate Abilities, Weirdness & Mutations

Your experience applies equally to all skills.
You have very sharp teeth.
Your uncanny sense of smell can sniff out nearby items.


Message History

The orc priest is almost dead.
The orc priest hits you.
You barely miss the orc priest.
The orc priest is almost dead.
The orc priest barely misses you.
You barely miss the orc priest.
The orc priest is almost dead.
You feel sick.
The orc priest invokes the aid of Beogh against you.
Beogh smites you!
* * * LOW HITPOINT WARNING * * *
The orc priest mumbles some strange prayers to Beogh against you.
Beogh smites you!
* * * LOW HITPOINT WARNING * * *
Your shield prevents you from hitting the orc priest.
The orc priest is almost dead.
The orc priest calls down the wrath of Beogh upon you.
Pain shoots through your body!
You die...
Your body crumbles into a pile of gold.

## .. #. ### #. .. ..#
#####.### #. #.# .:....... #.
##.##
.##.....#...##.##...#########
.>.............o@...........#
###.....###..#$##...#####.#.#
# #........... ##.## #.#.# #
#.# #..## #..# #.#.# ##
##.###..# #.## ##.#.#
.#####...##..####.######.#..#
........................###.#
.#####...#..........####.#.###
.#####.........##.#.# #....#


You could see an orc priest.

Vanquished Creatures
  An ice beast (D:6)
  A phantom (D:4)
  4 ogres
  A centaur (D:6)
  2 bullfrogs
  2 scorpions
  5 crimson imps
  2 hounds
  Natasha (thrice) (D:2)
  An iguana (D:5)
  An orc wizard (D:6)
  3 worker ants
  Robin (D:2)
  A worker ant zombie (D:6)
  7 gnolls
  7 adders
  An ooze (D:3)
  A worm (D:3)
  A dart slug (D:2)
  A leopard gecko (D:5)
  7 orcs
  3 giant cockroaches
  13 goblins
  11 hobgoblins
  4 jackals (D:3)
  2 quokkas
  8 bats
  2 frilled lizards
  A goblin zombie (D:4)
  3 hobgoblin zombies (D:4)
  12 kobolds
  A kobold zombie (D:4)
  An orc skeleton (D:4)
  A quokka zombie (D:6)
  5 rats
120 creatures vanquished.

Vanquished Creatures (others)
  A spectral weapon (D:5)
1 creature vanquished.

Grand Total: 121 creatures vanquished

Notes
Turn   | Place    | Note
-------+----------+-------------------------------------------
     0 | D:1      | inc the Gnoll Skald began the quest for the Orb.
     0 | D:1      | Reached XP level 1. HP: 20/20 MP: 6/6
   126 | D:1      | Reached XP level 2. HP: 17/26 MP: 7/7
   740 | D:1      | Reached XP level 3. HP: 31/31 MP: 9/9
   838 | D:1      | Reached skill level 5 in Spellcasting
  1204 | D:2      | Noticed Robin
  1247 | D:1      | Reached skill level 1 in Invocations
  1253 | D:1      | Learned a level 2 spell: Shroud of Golubria
  1256 | D:1      | Learned a level 2 spell: Song of Slaying
  1267 | D:2      | Killed Robin
  1267 | D:2      | Reached skill level 1 in Short Blades
  1267 | D:2      | Reached skill level 1 in Long Blades
  1267 | D:2      | Reached skill level 1 in Maces & Flails
  1267 | D:2      | Reached skill level 1 in Polearms
  1267 | D:2      | Reached skill level 1 in Staves
  1267 | D:2      | Reached skill level 1 in Slings
  1267 | D:2      | Reached skill level 1 in Bows
  1267 | D:2      | Reached skill level 1 in Crossbows
  1267 | D:2      | Reached skill level 1 in Throwing
  1267 | D:2      | Reached skill level 1 in Stealth
  1267 | D:2      | Reached skill level 1 in Shields
  1267 | D:2      | Reached skill level 1 in Unarmed Combat
  1267 | D:2      | Reached skill level 1 in Evocations
  1333 | D:2      | Noticed Natasha
  1339 | D:2      | Killed Natasha
  1339 | D:2      | Reached XP level 4. HP: 33/38 MP: 3/11
  1372 | D:2      | Noticed Natasha
  1384 | D:2      | Killed Natasha
  1384 | D:2      | Reached skill level 1 in Conjurations
  1384 | D:2      | Reached skill level 1 in Hexes
  1384 | D:2      | Reached skill level 1 in Summonings
  1384 | D:2      | Reached skill level 1 in Necromancy
  1384 | D:2      | Reached skill level 1 in Translocations
  1384 | D:2      | Reached skill level 1 in Transmutations
  1384 | D:2      | Reached skill level 1 in Fire Magic
  1384 | D:2      | Reached skill level 1 in Ice Magic
  1384 | D:2      | Reached skill level 1 in Air Magic
  1384 | D:2      | Reached skill level 1 in Earth Magic
  1384 | D:2      | Reached skill level 1 in Poison Magic
  1527 | D:2      | Noticed Natasha
  1542 | D:2      | Killed Natasha
  1542 | D:2      | Reached XP level 5. HP: 21/43 MP: 1/12
  1707 | D:2      | Found a bloodstained altar of Trog.
  2561 | D:3      | HP: 2/43 [gnoll/club (6)]
  2827 | D:3      | Found an ancient bone altar of Kikubaaqudgha.
  2880 | D:3      | Reached XP level 6. HP: 46/50 MP: 13/13
  3016 | D:3      | Found a bloodstained altar of Trog.
  3017 | D:3      | Found a shadowy altar of Dithmenos.
  3239 | D:4      | Noticed a phantom
  3278 | D:4      | Killed a phantom
  3278 | D:4      | Reached skill level 5 in Fighting
  3278 | D:4      | Reached skill level 5 in Axes
  3278 | D:4      | Reached skill level 5 in Dodging
  3471 | D:4      | Reached XP level 7. HP: 53/56 MP: 8/15
  3476 | D:4      | Learned a level 3 spell: Regeneration
  3480 | D:4      | Learned a level 3 spell: Spectral Weapon
  3512 | D:4      | Found a glowing golden altar of the Shining One.
  3848 | D:4      | Found a sacrificial altar of Ru.
  4466 | D:5      | Entered Level 5 of the Dungeon
  4920 | D:5      | Reached XP level 8. HP: 52/63 MP: 13/16
  5045 | D:5      | Found a hazy altar of Hepliaklqana.
  5831 | D:6      | Found a staircase to the Ecumenical Temple.
  5854 | Temple   | Entered the Ecumenical Temple
  5908 | Temple   | Became a worshipper of Gozag Ym Sagoz the Greedy
  6218 | D:6      | Killed from afar by an orc priest

Vault maps used:
D:1:      enne_arrival_octagon_isle, minmay_misc_feat_x
D:2:      bloody_trog, uniq_natasha, uniq_robin
D:3:      gammafunk_temple_overflow_statue, lemuel_crystal_altar
D:4:      nicolae_tso_besieged_by_evil, first_ration, nicolae_ru_path_of_blood
D:5:      lemuel_crystal_altar
D:6:      grunt_qazlal_clouds, minmay_temple_entry_grid
Temple:   compressed_dpeg_circular_temple

Skill      XL: |  1  2  3  4  5  6  7  8 |
---------------+-------------------------+-----
Spellcasting   | 5 6 |  6.2
Invocations    | 1 2 3 |  3.9
Short Blades   | 1 2 3 |  3.5
Long Blades    | 1 2 3 |  3.5
Maces & Flails | 1 2 3 |  3.5
Polearms       | 1 2 3 |  3.5
Staves         | 1 2 3 |  3.5
Slings         | 1 2 3 |  3.5
Bows           | 1 2 3 |  3.5
Crossbows      | 1 2 3 |  3.5
Throwing       | 1 2 3 |  3.5
Stealth        | 1 2 3 |  3.5
Shields        | 1 2 3 |  3.5
Unarmed Combat | 1 2 3 |  3.5
Evocations     | 1 2 3 |  3.5
Conjurations   | 1 2 |  2.9
Hexes          | 1 2 |  2.9
Summonings     | 1 2 |  2.9
Necromancy     | 1 2 |  2.9
Translocations | 1 2 |  2.9
Transmutations | 1 2 |  2.9
Fire Magic     | 1 2 |  2.9
Ice Magic      | 1 2 |  2.9
Air Magic      | 1 2 |  2.9
Earth Magic    | 1 2 |  2.9
Poison Magic   | 1 2 |  2.9
Armour         | 3 4 |  4.4
Fighting       | 5 |  5.8
Axes           | 5 |  5.8
Dodging        | 5 |  5.8
Charms         | 6 |  6.2

Action                   |  1- 3 |  4- 6 |  7- 9 || total
-------------------------+-------+-------+-------++-------
Melee: Hand axe          |   117 |    35 |       ||   152
       Bite              |     5 |    14 |    19 ||    38
       Punch             |     1 |       |     3 ||     4
       War axe           |       |    89 |   166 ||   255
 Cast: Infusion          |     4 |    10 |    15 ||    29
       Shroud of Golubri |     2 |    11 |    17 ||    30
       Song of Slaying   |     1 |     1 |     1 ||     3
       Spectral Weapon   |       |       |     1 ||     1
       Regeneration      |       |       |     1 ||     1
  Use: Scroll            |       |     5 |     6 ||    11
       Potion            |       |       |     1 ||     1
 Stab: Sleeping          |     1 |     5 |     3 ||     9
  Eat: Chunk             |     1 |     7 |     4 ||    12
       Ration            |       |       |     4 ||     4
Armor: Leather armour    |    34 |    22 |    31 ||    87
Dodge: Dodged            |   103 |    92 |   132 ||   327
Block: Shield            |       |       |    14 ||    14

Table legend:
 A = Spawn XP
 B = Non-spawn XP
 C = Spawn XP percentage of total XP
 D = Spawn monster count
 E = Non-spawn monster count
 F = Spawn count percentage of total count
 G = Total turns spent on level
                    A         B        C        D         E        F      G
               +---------+---------+-------+---------+---------+-------+---------
         Total |       0 |    2146 |   0.0 |       0 |     120 |   0.0 |  6218
               +---------+---------+-------+---------+---------+-------+---------
           D:1 |       0 |      45 |   0.0 |       0 |      28 |   0.0 |  1005
           D:2 |       0 |     154 |   0.0 |       0 |      21 |   0.0 |  1381
           D:3 |       0 |     138 |   0.0 |       0 |      25 |   0.0 |   853
           D:4 |       0 |     530 |   0.0 |       0 |      18 |   0.0 |  1575
           D:5 |       0 |     684 |   0.0 |       0 |      12 |   0.0 |   630
           D:6 |       0 |     595 |   0.0 |       0 |      16 |   0.0 |   677
               +---------+---------+-------+---------+---------+-------+---------
